 Dungeon Crawl Stone Soup version 0.20.1-1-g8b1a95d (webtiles) character file.

5169 raph the Carver (level 10, -6/90 HPs)
             Began as a Minotaur Gladiator on Nov 12, 2017.
             Was a Follower of Ashenzari.
             Mangled by a two-headed ogre
             ... wielding a +0 giant club
              (16 damage)
             ... on level 9 of the Dungeon.
             The game lasted 00:22:02 (8669 turns).

raph the Carver (Minotaur Gladiator)                Turns: 8669, Time: 00:22:03

Health: -6/90      AC: 15    Str: 19    XL:     10   Next: 34%
Magic:  9/9        EV: 12    Int:  5    God:    Ashenzari [*.....]
Gold:   577        SH:  0    Dex: 15    Spells: 9/9 levels left

rFire    . . .     SeeInvis .   I - +0 great sword (curse)
rCold    . . .     Gourm    .   (shield currently unavailable)
rNeg     . . .     Faith    .   g - +0 chain mail (curse)
rPois    +         Spirit   .   c - +0 hat (curse)
rElec    .         Reflect  .   r - +0 cloak (curse)
rCorr    .         Harm     .   v - +2 pair of gloves (curse)
MR       .....                  (no boots)
Stlth    ..........             (no amulet)
Regen    0.3/turn               y - ring of poison resistance
MPRegen  0.2/turn               (no ring)

@: no status effects
A: retaliatory headbutt, horns 2
a: Curse Item, Scrying, Renounce Religion


You were on level 9 of the Dungeon.
You worshipped Ashenzari.
Ashenzari was aware of your devotion.
You were not hungry.

You visited 1 branch of the dungeon, and saw 9 of its levels.
You also visited: Sewer.

You collected 577 gold pieces.

Inventory:

Hand Weapons
 a - a +2 long sword
 I - a cursed +0 great sword (weapon)
 K - a +2 scimitar of flaming
Missiles
 d - 6 throwing nets
 e - 13 javelins (quivered)
Armour
 c - a cursed +0 hat (worn)
 g - a cursed +0 chain mail (worn)
 r - a cursed +0 cloak (worn)
 v - a cursed +2 pair of gloves (worn)
Jewellery
 y - a ring of poison resistance (left hand)
Wands
 i - a wand of iceblast (9/15)
 p - a wand of disintegration (13/24)
 E - a wand of flame (11/48)
 F - a wand of random effects (34/48)
 H - a wand of enslavement (9/24)
 J - a wand of iceblast (8/15)
Scrolls
 h - 5 scrolls of remove curse
 k - 3 scrolls of fear
 s - 4 scrolls of teleportation
 t - 3 scrolls of recharging
Potions
 b - a potion of mutation
 l - a potion of lignification
 m - a potion of brilliance
 n - 3 potions of curing
 o - a potion of haste {unknown}
 q - 2 potions of cancellation {unknown}
 u - 3 potions of magic
 w - 3 potions of degeneration {unknown}
 x - a potion of agility {unknown}
 z - a potion of berserk rage {unknown}
 A - 3 potions of flight {unknown}
 B - 4 potions of heal wounds {unknown}
 G - 2 potions of might {unknown}
 L - a potion of ambrosia {unknown}
Comestibles
 f - 12 bread rations
 j - 4 royal jellies
 C - 4 meat rations


   Skills:
 + Level 8.4 Fighting
 * Level 11.9 Long Blades
 - Level 3.6 Throwing
 + Level 7.7 Armour
 + Level 8.0 Dodging


You had 9 spell levels left.
You didn't know any spells.

Dungeon Overview and Level Annotations

Branches:
Dungeon (9/15)             Temple (0/1) D:6
   Lair: D:8-11         Orc: D:9-12

Altars:
Ashenzari
Dithmenos
Fedhas
Hepliaklqana
Nemelex Xobeh
Sif Muna
Trog
Uskayaw
Vehumet
Xom
Yredelemnul
Zin

Annotations:
D:6 exclusion: door
D:8 gungr's ghost, novice OpTm


Innate Abilities, Weirdness & Mutations

You reflexively headbutt those who attack you in melee.
You have a pair of horns on your head.


Message History

The orc priest hits you but does no damage.
You feel better.
You slash the two-headed ogre! You headbutt the two-headed ogre.
The two-headed ogre is heavily wounded.
Your chain mail prevents you from hitting the two-headed ogre.
The two-headed ogre is heavily wounded.
The two-headed ogre hits you with a giant club!
* * * LOW HITPOINT WARNING * * *
The two-headed ogre closely misses you.
You hit the two-headed ogre.
Your headbutt misses the two-headed ogre.
The two-headed ogre is severely wounded.
The two-headed ogre closely misses you.
You riposte.
You closely miss the two-headed ogre.
The two-headed ogre is severely wounded.
The two-headed ogre barely misses you.
You barely miss the two-headed ogre. You headbutt the two-headed ogre.
The two-headed ogre is severely wounded.
The two-headed ogre hits you with a giant club!
You die...

#.....................
###................###..
#........##+####...###..
#........# #...###..
#........# ###..#..#
#.?...o..# #...o{oo.#
.......###O###
.......'...@#
........#....#
...{....#....+
........#....#
........##+### ###+###


You could see a two-headed ogre, an orc priest, an orc wizard and an orc.

Vanquished Creatures
  Erica (D:9)
  A hippogriff (D:9)
  Prince Ribbit (D:4)
  A spriggan (D:7)
  A steam dragon (D:9)
  Menkaure (D:5)
  A black bear (D:8)
  An orc warrior (D:7)
  A sky beast (D:6)
  2 phantoms
  4 ogres
  4 wolves (D:8)
  2 centaurs
  4 bullfrogs
  2 big kobolds
  2 scorpions
  4 wights (D:8)
  14 killer bees
  3 bullfrog zombies
  2 crimson imps (D:5)
  2 quasits
  A centaur zombie (D:6)
  3 orc priests
  7 hounds
  3 jellies
  A bullfrog skeleton (D:5)
  An orc wizard (D:4)
  2 worker ants
  Ijyb (D:5)
  2 hound skeletons
  A worker ant zombie (D:5)
  8 gnolls
  19 adders
  A river rat (Sewer)
  A shadow imp (D:8)
  An ooze (D:1)
  2 adder zombies
  4 worms
  A dart slug (D:2)
  A leopard gecko (D:3)
  13 orcs
  3 ball pythons
  8 giant cockroaches
  7 goblins
  9 hobgoblins
  6 jackals
  A quokka (D:4)
  5 bats
  4 frilled lizards
  11 kobolds
  A leopard gecko skeleton (D:7)
  A leopard gecko zombie (D:8)
  2 quokka skeletons
  A quokka zombie (D:6)
  12 rats
  A spectral orc (D:6)
199 creatures vanquished.

Vanquished Creatures (others)
  An adder (D:9)
1 creature vanquished.

Grand Total: 200 creatures vanquished

Notes
Turn   | Place    | Note
-------+----------+-------------------------------------------
     0 | D:1      | raph the Minotaur Gladiator began the quest for the Orb.
     0 | D:1      | Reached XP level 1. HP: 18/18 MP: 0/0
   104 | D:1      | Reached XP level 2. HP: 18/25 MP: 1/1
   206 | D:1      | Reached skill level 4 in Long Blades
   861 | D:2      | Reached XP level 3. HP: 30/30 MP: 2/2
   936 | D:2      | Reached skill level 1 in Armour
  1198 | D:2      | Reached XP level 4. HP: 38/38 MP: 3/3
  1398 | D:2      | Reached skill level 5 in Long Blades
  1442 | D:2      | Reached XP level 5. HP: 43/45 MP: 4/4
  1989 | D:3      | Found a blossoming altar of Fedhas.
  2108 | D:3      | Reached XP level 6. HP: 42/52 MP: 5/5
  2147 | D:3      | Found a glowing silver altar of Zin.
  2228 | D:3      | Found a glowing drain.
  2247 | D:3      | Reached skill level 6 in Long Blades
  2257 | Sewer    | Entered a sewer
  2457 | Sewer    | Found a white marble altar of Elyvilon.
  2589 | D:3      | Found a shattered altar of Ashenzari.
  2695 | D:3      | Found a hide-covered altar of Uskayaw.
  2695 | D:3      | Found a bloodstained altar of Trog.
  3005 | D:4      | Reached skill level 5 in Dodging
  3016 | D:4      | Reached XP level 7. HP: 25/60 MP: 4/6
  3209 | D:4      | Found a sparkling altar of Nemelex Xobeh.
  3324 | D:4      | Reached skill level 7 in Long Blades
  3541 | D:5      | Entered Level 5 of the Dungeon
  3819 | D:5      | Reached skill level 5 in Fighting
  3996 | D:5      | Noticed Ijyb
  4008 | D:5      | Killed Ijyb
  4063 | D:5      | Reached XP level 8. HP: 64/69 MP: 7/7
  4077 | D:5      | Noticed Menkaure
  4078 | D:5      | Noticed Prince Ribbit
  4391 | D:4      | Killed Prince Ribbit
  4391 | D:4      | Reached skill level 8 in Long Blades
  4647 | D:5      | Killed Menkaure
  4647 | D:5      | Reached skill level 5 in Armour
  4934 | D:5      | Found a hazy altar of Hepliaklqana.
  5479 | D:3      | Became a worshipper of Ashenzari the Shackled
  5659 | D:6      | Found a staircase to the Ecumenical Temple.
  5865 | D:6      | Reached skill level 9 in Long Blades
  6077 | D:6      | Found a deep blue altar of Sif Muna.
  6335 | D:6      | Found a basalt altar of Yredelemnul.
  6385 | D:7      | Reached * piety under Ashenzari
  6429 | D:7      | Reached XP level 9. HP: 77/78 MP: 8/8
  6680 | D:7      | Found a radiant altar of Vehumet.
  6690 | D:7      | Reached skill level 10 in Long Blades
  7584 | D:8      | Noticed a troll
  7595 | D:8      | Reached skill level 11 in Long Blades
  8023 | D:8      | Noticed gungr's ghost (novice OpTm)
  8134 | D:8      | Reached XP level 10. HP: 72/88 MP: 9/9
  8236 | D:9      | Noticed Erica
  8257 | D:9      | Killed Erica
  8424 | D:9      | Found a shadowy altar of Dithmenos.
  8490 | D:9      | Found a shimmering altar of Xom.
  8650 | D:9      | Noticed a two-headed ogre
  8669 | D:9      | Mangled by a two-headed ogre

Skill      XL: |  1  2  3  4  5  6  7  8  9 10 |
---------------+-------------------------------+-----
Long Blades    | 4 5 6 7 9 11 | 11.9
Fighting       | 3 4 5 6 7 8 |  8.4
Armour         | 1 2 3 4 5 7 |  7.7
Dodging        | 4 5 6 7 8 |  8.0
Throwing       | 3 |  3.6

Action                   |  1- 3 |  4- 6 |  7- 9 | 10-12 || total
-------------------------+-------+-------+-------+-------++-------
Melee: Long sword        |    73 |   181 |   201 |       ||   455
       Headbutt          |    10 |    29 |    54 |     8 ||   101
       Great sword       |       |       |    87 |    46 ||   133
Throw: Javelin           |       |       |    14 |     3 ||    17
Invok: Curse Item        |       |       |     6 |       ||     6
Evoke: Wand              |       |       |     5 |     2 ||     7
  Use: Scroll            |       |     9 |     7 |       ||    16
       Potion            |       |       |       |     1 ||     1
  Eat: Chunk             |     1 |     6 |     9 |       ||    16
       Meat ration       |       |       |     2 |       ||     2
Armor: Leather armour    |     9 |       |       |       ||     9
       Chain mail        |    33 |   108 |   165 |    31 ||   337
Dodge: Dodged            |    32 |    86 |   158 |    38 ||   314
       Rpst.: Long sword |     6 |    17 |    30 |       ||    53
       Great sword       |       |       |    24 |     9 ||    33
